Description

Standard economic TvT BO. Played against Nathanias in march 2016.

I modified:

  1. Put his +2/+2 infantry upgrades about two minutes earlier than what he actually did in the game.

  2. Put a reactor instead of a tech lab on his second barracks. Double tech-lab seems too harsh on the marine production to me, and getting combat shield and stimpack at the same time doesn't compensate for that loss IMO.

Replay - ggtracker_6557201

Build Order

Get SALT Encoding   

  12  0:01  SCV  
  13  0:13  SCV  
  14  0:17  Supply Depot  
  14  0:25  SCV  
  15  0:38  SCV  
  15  0:42  Barracks  
  16  0:44  Refinery  
  16  0:50  SCV  
  17  1:02  SCV  
  18  1:15  SCV  
  19  1:29  Orbital Command, Reaper  
  20  1:44  Command Center  
  20  1:55  SCV  
  20  1:58  Supply Depot  
  20  2:00  Marine  
  22  2:04  Factory  
  22  2:08  SCV  
  23  2:14  Refinery  
  23  2:20  SCV  
  24  2:22  Barracks Reactor  
  24  2:36  SCV  
  25  2:49  Starport  
  25  2:50  Hellion  
  27  2:52  SCV  
  27  2:56  Orbital Command  
  28  3:02  Marine x2  
  30  3:05  SCV  
  31  3:13  Widow Mine  
  31  3:18  SCV  
  34  3:21  SCV  
  35  3:27  Medivac  
  35  3:31  Command Center  
  37  3:35  SCV x2  
  37  3:40  Marine x2  
  41  3:44  Factory Tech Lab  
  41  3:47  SCV  
  41  3:48  SCV  
  43  3:50  Supply Depot  Send medivac with 1 WM, 1 hellion and 4 marines right after this supply.
  43  4:00  Marine  
  45  4:04  SCV  
  46  4:11  Barracks, Marine, SCV  
  46  4:12  Barracks  
  46  4:16  SCV  
  48  4:21  Engineering Bay x2  
  48  4:24  SCV  
  48  4:28  Marine, SCV  
  48  4:29  Marine  
  52  4:43  Siege Tank  
  54  4:49  SCV x2, Orbital Command  
  56  5:01  SCV x2  
  56  5:06  Terran Infantry Weapons Level 1, Refinery x2, Terran Infantry Armor Level 1  
  56  5:07  Barracks Tech Lab, Barracks Reactor  Changed from original replay.
  58  5:13  Barracks x2, SCV  100% orbital on third CC: float to third base (if made inside your main)
  57  5:24  Siege Tank  
  57  5:26  Stimpack, Combat Shields  
  60  5:31  SCV x2  
  60  5:34  Supply Depot  
  62  5:37  Supply Depot  
  62  5:38  Marine x2, Orbital Command  
  62  5:39  Marine x2  
  62  5:40  Starport Reactor  
  66  5:56  Marine  
  66  5:57  Siege Tank  
  66  5:58  Marine x3  
  66  6:01  SCV  
  66  6:02  SCV  
  74  6:04  SCV  
  74  6:06  Barracks Reactor x2  
  75  6:14  Marine  
  75  6:17  Armory  
  76  6:23  Marine x3  
  76  6:24  Medivac x2  
  83  6:31  SCV x2  
  85  6:38  Supply Depot  
  85  6:39  Supply Depot, Siege Tank  
  88  6:43  Marine  
  88  6:44  Marine x4  
  92  6:47  Sensor Tower  
  92  6:51  SCV  
  93  6:59  SCV x2  
  95  7:15  Marine x5, Siege Tank  
  99  7:16  Marine x3  
  99  7:17  SCV x2  
  99  7:19  Refinery  
  99  7:20  Refinery  
  108  7:24  Supply Depot  
  108  7:33  Marine, Supply Depot  
  108  7:35  Missile Turret  
  109  7:45  Medivac x2, SCV x3  
  109  7:47  Terran Vehicle Weapons Level 1  
  116  7:53  Terran Infantry Armor Level 2  
  116  7:54  Marine x6, Terran Infantry Weapons Level 2  
  124  8:00  SCV  
  124  8:04  Supply Depot  
  125  8:06  Supply Depot  
  125  8:07  Supply Depot  
  125  8:13  Marine, SCV  
  125  8:14  Sensor Tower  
  125  8:25  Marine x2, Medivac x2  
  131  8:30  Marine x2  
  131  8:33  Marine  
  131  8:34  Marine  
  107  8:44  Liberator x2  
  107  8:48  Marine x6  
  104  8:49  Siege Tank  
  104  8:53  Factory  
  104  8:54  Barracks  
  104  8:55  Barracks  
  109  8:59  Marine x2  
  117  9:06  Marine x3  
  117  9:07  SCV x3  
  123  9:31  Command Center  
  120  9:43  Factory Tech Lab, Marine x2, Siege Tank  
  125  9:52  Marine x8  
Spawning Tool Build Advisor. Get it on Overwolf

Go to:

Details

  • Created by: Trizztein2
  • Published on: Mar 28, 2016
  • Modified on: Mar 28, 2016
  • Patch: Pre-3.8.0
Show
View Real Time Build Order
Export as new Build Order

Comments (2)

On April 11, 2016, 7:47 p.m., Trizztein2  said:

Feel free to learn it 'till the point you think it's relevant! :P The amount of details comes from the fact it was first uploaded from replay, then modified with the editing tool in the website.

On April 11, 2016, 7:37 p.m., firebird2552  said:

This is a very detailed build order :)

Create an account to comment!